 Dungeon Crawl Stone Soup version 0.14-a0-2474-g7d54a28 (webtiles) character file.

157 Kae the Sneak (level 3, -4/16 HPs)
             Began as a Spriggan Enchanter on Feb 8, 2014.
             Slain by a gnoll
             ... wielding a +0,+0 halberd
              (13 damage)
             ... on Level 2 of the Dungeon.
             The game lasted 00:01:26 (1298 turns).

Kae the Sneak (Spriggan Enchanter)                  Turns: 1298, Time: 00:01:27

HP  -4/16        AC  3     Str  5      XL: 3   Next: 46%
MP   7/11        EV 18     Int 16      God:
Gold 111         SH  0     Dex 16      Spells:  2 memorised,  5 levels left

rFire  . . .     SeeInvis +     a - +1 dagger
rCold  . . .     Clarity  .     b - +1 robe
rNeg   . . .     Conserve .     (shield restricted)
rPois  .         rCorr    .     (helmet restricted)
rElec  .         rRot     .     (no cloak)
SustAb . .       Spirit   .     (gloves unavailable)
rMut   .         Warding  .     (boots unavailable)
Saprov . . .     Stasis   .     (no amulet)
MR     .....                    (no ring)
                                (no ring)

@: very quick, not resistant to hostile enchantments, quite stealthy
A: unfitting armour, see invisible, herbivore 3, speed 3, slow metabolism 2
a: no special abilities


You were on level 2 of the Dungeon.
You were not hungry.

You visited 1 branch of the dungeon, and saw 2 of its levels.

You collected 111 gold pieces.

Inventory:

Hand weapons
 a - a +1,+1 dagger (weapon)
Missiles
 d - 12 darts (quivered)
Armour
 b - a +1 robe (worn)
Comestibles
 i - an apple
 r - 13 strawberries
Scrolls
 g - 2 scrolls of teleportation {unknown}
 h - 2 scrolls of remove curse {unknown}
 j - 2 scrolls of noise {unknown}
 l - 3 scrolls of identify {unknown}
 n - a scroll of enchant armour {unknown}
 o - a scroll of curse jewellery {unknown}
 p - a scroll of blinking {unknown}
 q - a scroll of recharging {unknown}
 s - a scroll of enchant weapon II {unknown}
Potions
 e - a potion of porridge
 f - a potion of confusion {unknown}
 k - a potion of curing {unknown}
 m - a potion of heal wounds {unknown}
Books
 c - a book of Maledictions

   Spells                             Type                      Level
   *Corona                            Hexes                        1
   Sure Blade                         Hexes/Charms                 2
   *Ensorcelled Hibernation           Hexes/Ice                    2
   Confuse                            Hexes                        3
   Enslavement                        Hexes                        4
   Invisibility                       Hexes                        6


   Skills:
 * Level 2.1 Short Blades
 - Level 1.1 Throwing
 - Level 3.0 Dodging
 * Level 4.3 Stealth
 + Level 3.1 Spellcasting
 + Level 4.1 Hexes


You had 5 spell levels left.
You knew the following spells:

 Your Spells              Type           Power        Failure   Level  Hunger
a - Corona                Hex            ###....      4%          1    #......
b - Ensorcelled Hibernat  Hex/Ice        #.....       14%         2    ##.....


Dungeon Overview and Level Annotations

Branches:
Dungeon (2/16)

Altars:
Zin


Innate Abilities, Weirdness & Mutations

You are tiny and cannot use many weapons and most armour.
You have supernaturally acute eyesight.
You are a herbivore.
You cover ground extremely quickly.
You need consume almost no food.


Message History

a halberd; a gnoll corpse You start resting.
Casting: Ensorcelled Hibernation
Confirm with . or Enter, or press ? or * to list all spells.
Aiming: Ensorcelled Hibernation
Press: ? - help, Shift-Dir - straight line, f - gnoll
Aim: a gnoll, wielding a halberd The gnoll resists.
The gnoll closely misses you.
Casting: Ensorcelled Hibernation
Confirm with . or Enter, or press ? or * to list all spells.
Aiming: Ensorcelled Hibernation
Press: ? - help, Shift-Dir - straight line, f/p - gnoll
Aim: a gnoll, wielding a halberd The gnoll looks drowsy...
The gnoll shouts!
You hit the gnoll.
The gnoll is moderately wounded.
The gnoll hits you with a halberd!
Ouch! That really hurt!
You die...

########....#.##...##......#
.......#.##...##......#
........#.##.####......#
...#.#.#.##.# ########
..#.#.#.##.# ########
#.#.#.##.# #......# ..
#.#.#.##.######......# ...
..?......g....g......# #.
###.#.#.##@######......# .
............# #......# #
###.#.#.##.### #).....# . .
#.##...# #.<....# g..
#.##...# #......#
......#.##...####g.....#
.......g................#
......#.##...###(....((..
......#.##...............


You could see 2 gnolls.

Vanquished Creatures
  2 gnolls (D:2)
  An adder (D:2)
  An ooze (D:1)
  A giant gecko (D:1)
  5 bats
  4 giant newts
  3 goblins
  A kobold (D:1)
  A rat (D:2)
19 creatures vanquished.

Notes
Turn   | Place    | Note
--------------------------------------------------------------
     0 | D:1      | Kae, the Spriggan Enchanter, began the quest for the Orb.
     0 | D:1      | Reached XP level 1. HP: 9/9 MP: 4/4
   507 | D:1      | Reached XP level 2. HP: 13/13 MP: 7/7
   519 | D:1      | Learned a level 2 spell: Ensorcelled Hibernation
   631 | D:1      | Reached skill level 4 in Hexes
  1009 | D:2      | Found a glowing silver altar of Zin.
  1107 | D:2      | Reached XP level 3. HP: 16/16 MP: 6/10
  1298 | D:2      | Slain by a gnoll

Action                   || total
-------------------------++-------
Melee: Dagger            ||    74
 Cast: Ensorcelled Hiber ||     6
 Stab: Sleeping          ||     6
